Nashville Predators vs Seattle Kraken

Created - samedi, 16 mars 2024 at 19:00

Goals
1 2 3 T
Nashville Predators 1 1 1 3
Seattle Kraken 2 2 0 4
Shots
1 2 3 T
Nashville Predators 10 14 10 34
Seattle Kraken 14 9 14 37

1st period

1. Nashville Predators , Craig Smith 12 (Austin Watson 15, Isaak Phillips 1) at 7:49
2. Seattle Kraken , Jeremy Lauzon 5 (Yanni Gourde 36, Kaapo Kakko 17) at 16:52 (PP)
3. Seattle Kraken , Adam Pelech 12 (Jake DeBrusk 21, Jack Eichel 32) at 18:06 (PP)

Penalties :
Jake DeBrusk (SEA) for Goalie Interference (Minor) at 0:10, Jeremy Lauzon (SEA) for Interference (Minor) at 4:21, Derick Brassard (SEA) for Holding (Minor) at 10:19, Isaak Phillips (NSH) for Hooking (Minor) at 15:39, Isaak Phillips (NSH) for Hooking (Minor) at 16:56, Isaak Phillips (NSH) for Cross-checking (Minor) at 19:30

2nd period

4. Seattle Kraken , Adam Pelech 13 (Jake DeBrusk 22, Jack Eichel 33) at 0:20 (PP)
5. Seattle Kraken , Brandon Tanev 19 (Yanni Gourde 37, Kaapo Kakko 18) at 13:32
6. Nashville Predators , Ethan Bear 7 (Matt Martin 7, Austin Watson 16) at 19:04

Penalties :
No Penalty

3rd period

7. Nashville Predators , Ryan Johansen 10 (Kevin Fiala 21) at 5:42

Penalties :
Connor Murphy (NSH) for Unsportsmanlike conduct (Minor) at 3:14, Carson Soucy (SEA) for Hooking (Minor) at 17:19

Goalie Stats

Kaapo Kahkonen (NSH), 33 saves from 37 shots - (0.892), L, 13-19-5, 59:00 minutes
Mackenzie Blackwood (SEA), 31 saves from 34 shots - (0.912), W, 7-5-0, 60:00 minutes

Players Stats for Nashville Predators

Player Name              G  A  P  +/- PIM S  H  SB GA TA FO     MP     PP MP  PK MP  
------------------------------------------------------------------------------------
Anthony Beauvillier      0  0  0   0  0   0  2  0  0  0  0/2    12:49   4:13   0:00 
Austin Watson            0  2  2   2  0   7  3  0  0  0  10/23  14:12   0:00   0:00 
Connor Murphy            0  0  0  -1  2   1  2  1  0  0  0/0    20:15   3:23   1:25 
Craig Smith              1  0  1   2  0   4  1  0  0  0  1/1    14:22   0:24   0:00 
Dante Fabbro             0  0  0   1  0   2  1  1  0  0  0/0    20:39   3:22   2:32 
Ethan Bear               1  0  1   2  0   1  2  1  0  0  0/0    20:41   3:22   2:26 
Filip Chytil             0  0  0  -1  0   0  2  0  0  0  2/9    18:54   3:37   2:43 
Filip Forsberg           0  0  0   1  0   3  1  0  0  0  2/6    19:53   3:29   2:43 
Haydn Fleury             0  0  0   0  0   0  0  0  0  0  0/0     0:23   0:00   0:00 
Isaak Phillips           0  1  1   1  6   0  2  1  0  0  0/0    15:34   0:00   1:13 
Kevin Fiala              0  1  1   1  0   4  2  0  0  0  18/39  23:18   3:22   2:08 
Matt Duchene             0  0  0  -1  0   3  2  0  0  0  9/13   25:02   3:32   2:29 
Matt Martin              0  1  1   2  0   3  2  0  0  0  0/1    15:57   0:47   0:21 
Nathan Beaulieu          0  0  0   2  0   2  4  3  0  0  0/0    16:08   1:11   0:00 
Parker Wotherspoon       0  0  0   0  0   0  0  0  0  0  0/0     2:22   0:00   0:00 
Roman Josi               0  0  0  -1  0   1  1  2  0  0  0/0    25:01   4:34   2:48 
Ryan Johansen            1  0  1   1  0   1  0  0  0  0  2/2    12:48   0:47   0:00 
Seth Jarvis              0  0  0  -1  0   2  1  0  0  0  1/3    16:26   3:37   0:00 

Players Stats for Seattle Kraken

Player Name              G  A  P  +/- PIM S  H  SB GA TA FO     MP     PP MP  PK MP  
------------------------------------------------------------------------------------
Adam Pelech              2  0  2   0  0   4  1  3  0  0  0/0    23:46   2:52   3:36 
Brandon Tanev            1  0  1   1  0   5  2  1  0  0  0/1    15:10   2:56   0:00 
Carson Soucy             0  0  0  -1  2   0  2  1  0  0  0/1    20:40   2:37   3:11 
Colin Blackwell          0  0  0  -1  0   1  0  1  0  0  7/14   11:42   0:00   4:00 
Derick Brassard          0  0  0   0  2   3  3  0  0  0  6/14   10:30   0:00   0:00 
Derrick Pouliot          0  0  0   0  0   0  0  1  0  0  0/0    15:30   0:02   0:23 
Devin Shore              0  0  0  -1  0   2  0  0  0  0  1/3    12:17   0:00   3:56 
Jack Eichel              0  2  2  -2  0   4  0  0  0  0  13/25  19:23   2:16   0:20 
Jake DeBrusk             0  2  2  -2  2   4  3  0  0  0  1/1    18:35   2:16   0:00 
Jake Middleton           0  0  0   0  0   0  2  3  0  0  0/0    21:58   2:41   3:45 
Jeremy Lauzon            1  0  1  -2  2   1  2  1  0  0  0/0    17:15   2:10   0:40 
Jimmy Vesey              0  0  0   0  0   3  2  0  0  0  1/2    11:06   0:00   0:00 
Jonatan Berggren         0  0  0   0  0   5  0  0  0  0  1/1    15:06   0:00   4:00 
Jordan Eberle            0  0  0  -2  0   2  0  0  0  0  1/1    18:36   2:16   0:00 
Kaapo Kakko              0  2  2   1  0   1  0  0  0  0  2/2    15:10   2:56   0:00 
Riley Stillman           0  0  0  -2  0   0  0  3  0  0  0/0    17:59   0:02   3:57 
Wade Allison             0  0  0   0  0   1  1  1  0  0  0/3     7:51   0:00   0:00 
Yanni Gourde             0  2  2   1  0   1  0  0  0  0  21/31  19:26   2:56   3:56 

3 Stars

1 - Adam Pelech (SEA)
2 - Austin Watson (NSH)
3 - Ethan Bear (NSH)

Power Play

Nashville Predators - 0 on 4 Attempt(s) - 0.00%
Seattle Kraken - 3 on 4 Attempt(s) - 75.00%

Penalty Kill

Nashville Predators - 1 on 4 Attempt(s) - 25.00% - Score 0 goal in Penalty Kill
Seattle Kraken - 4 on 4 Attempt(s) - 100.00% - Score 0 goal in Penalty Kill

Team Stat

Nashville Predators - Hits : 28 - Faceoff Wins : 45 - Blocked Shots : 9 - Penalty Minutes : 8
Seattle Kraken - Hits : 18 - Faceoff Wins : 54 - Blocked Shots : 15 - Penalty Minutes : 8

Official

Referees : TJ Luxmore and Wes McCauley
Linesman : Kiel Murchison and Michel Cormier

Game Notes

No Game Note

Finance

Level 1 -- Attendance: 10000 (100.00%) -- Ticket Income $ 880 000
Level 2 -- Attendance: 2000 (100.00%) -- Ticket Income $ 146 000
Level 3 -- Attendance: 2933 (83.80%) -- Ticket Income $ 131 985
Level 4 -- Attendance: 1162 (80.14%) -- Ticket Income $ 34 860
Luxury Box -- Attendance: 46 (92.00%) -- Ticket Income $ 9 982
Game was played at the Climate Pledge Arena.
Total Attendance: 16141 (94.95%)
Total Ticket Income: $ 1 202 827
Total Income: $ 1 202 827

Nashville Predators

5 vs 5 Forward 
   Center                   Left Wing                Right Wing               Time % Phy DF OF 
 1 Kevin Fiala              Ryan Johansen            Filip Forsberg           30     1   2  2  
 2 Matt Duchene             Filip Chytil             Seth Jarvis              30     1   2  2  
 3 Kevin Fiala              Matt Duchene             Anthony Beauvillier      25     1   2  2  
 4 Austin Watson            Matt Martin              Craig Smith              15     1   2  2  

5 vs 5 Defense 
   Defense                  Defense                                           Time % Phy DF OF 
 1 Roman Josi               Connor Murphy                                     36     1   2  2  
 2 Ethan Bear               Dante Fabbro                                      34     1   2  2  
 3 Nathan Beaulieu          Isaak Phillips                                    30     1   2  2  
 4 Roman Josi               Connor Murphy                                     0      1   2  2  

PowerPlay Forward 
   Center                   Left Wing                Right Wing               Time % Phy DF OF 
 1 Kevin Fiala              Matt Duchene             Filip Forsberg           50     1   2  2  
 2 Filip Chytil             Seth Jarvis              Anthony Beauvillier      50     1   2  2  

PowerPlay Defense
   Defense                  Defense                                           Time % Phy DF OF 
 1 Roman Josi               Connor Murphy                                     50     1   2  2  
 2 Ethan Bear               Dante Fabbro                                      50     1   2  2  

Penalty Kill 4 Players Forward 
   Center                   Wing                     Time % Phy DF OF 
 1 Kevin Fiala              Matt Duchene             50     1   2  2  
 2 Filip Forsberg           Filip Chytil             50     1   2  2  

Penalty Kill 4 Players Defense
   Defense                  Defense                  Time % Phy DF OF 
 1 Roman Josi               Connor Murphy            50     1   2  2  
 2 Ethan Bear               Dante Fabbro             50     1   2  2  

Penalty Kill - 3 Players Forward 
   Forward                                           Time % Phy DF OF 
 1 Filip Forsberg                                    50     1   2  2  
 2 Matt Duchene                                      50     1   2  2  

Penalty Kill - 3 Players Defense
   Defense                  Defense                  Time % Phy DF OF 
 1 Roman Josi               Connor Murphy            50     1   2  2  
 2 Ethan Bear               Dante Fabbro             50     1   2  2  

4 vs 4 Forward 
   Center                   Wing                     Time % Phy DF OF 
 1 Matt Martin              Matt Duchene             50     1   2  2  
 2 Filip Forsberg           Filip Chytil             50     1   2  2  

4 vs 4 Defense
   Defense                  Defense                  Time % Phy DF OF 
 1 Roman Josi               Connor Murphy            50     1   2  2  
 2 Ethan Bear               Dante Fabbro             50     1   2  2  

Last Minutes Offensive
   Center                   Left Wing                Right Wing               Defense                  Defense                  
   Kevin Fiala              Matt Duchene             Filip Forsberg           Roman Josi               Connor Murphy            

Last Minutes Defensive
   Center                   Left Wing                Right Wing               Defense                  Defense                  
   Kevin Fiala              Matt Duchene             Filip Forsberg           Roman Josi               Connor Murphy            

Goaltenders
Starting : Kaapo Kahkonen           
Backup : Mads Sogaard             

Extra Forwards
Normal : Matt Duchene, Filip Forsberg, Matt Martin - PP : Matt Duchene, Filip Forsberg - PK : Matt Martin
Extra Defensemen
Normal : Nathan Beaulieu, Isaak Phillips, Ethan Bear - PP : Nathan Beaulieu - PK : Isaak Phillips, Ethan Bear
Penalty Shots
Kevin Fiala, Matt Duchene, Filip Forsberg, Filip Chytil, Seth Jarvis
Custom OT Lines Forwards
Kevin Fiala, Matt Duchene, Filip Forsberg, Filip Chytil, Ryan Johansen, Seth Jarvis, Anthony Beauvillier, Matt Martin, Craig Smith, Austin Watson
Custom OT Lines Defensemen
Roman Josi, Connor Murphy, Ethan Bear, Dante Fabbro, Nathan Beaulieu

Scratches
MacKenzie Entwistle (Healthy), Shane Wright (Healthy)

Seattle Kraken

5 vs 5 Forward 
   Center                   Left Wing                Right Wing               Time % Phy DF OF 
 1 Jack Eichel              Jake DeBrusk             Jordan Eberle            33     0   2  3  
 2 Yanni Gourde             Brandon Tanev            Kaapo Kakko              27     1   2  2  
 3 Derick Brassard          Jimmy Vesey              Jonatan Berggren         25     1   2  2  
 4 Colin Blackwell          Devin Shore              Wade Allison             15     1   2  2  

5 vs 5 Defense 
   Defense                  Defense                                           Time % Phy DF OF 
 1 Adam Pelech              Jake Middleton                                    30     1   2  2  
 2 Carson Soucy             Derrick Pouliot                                   30     1   2  2  
 3 Jeremy Lauzon            Riley Stillman                                    25     1   2  2  
 4 Adam Pelech              Jake Middleton                                    15     1   2  2  

PowerPlay Forward 
   Center                   Left Wing                Right Wing               Time % Phy DF OF 
 1 Jack Eichel              Jake DeBrusk             Jordan Eberle            50     1   2  2  
 2 Yanni Gourde             Brandon Tanev            Kaapo Kakko              50     1   2  2  

PowerPlay Defense
   Defense                  Defense                                           Time % Phy DF OF 
 1 Adam Pelech              Jake Middleton                                    50     1   2  2  
 2 Carson Soucy             Jeremy Lauzon                                     50     1   2  2  

Penalty Kill 4 Players Forward 
   Center                   Wing                     Time % Phy DF OF 
 1 Colin Blackwell          Jonatan Berggren         50     1   2  2  
 2 Yanni Gourde             Devin Shore              50     1   2  2  

Penalty Kill 4 Players Defense
   Defense                  Defense                  Time % Phy DF OF 
 1 Adam Pelech              Jake Middleton           50     1   2  2  
 2 Carson Soucy             Riley Stillman           50     1   2  2  

Penalty Kill - 3 Players Forward 
   Forward                                           Time % Phy DF OF 
 1 Yanni Gourde                                      50     1   2  2  
 2 Devin Shore                                       50     1   2  2  

Penalty Kill - 3 Players Defense
   Defense                  Defense                  Time % Phy DF OF 
 1 Adam Pelech              Jake Middleton           50     1   2  2  
 2 Carson Soucy             Jeremy Lauzon            50     1   2  2  

4 vs 4 Forward 
   Center                   Wing                     Time % Phy DF OF 
 1 Jack Eichel              Jordan Eberle            50     1   2  2  
 2 Yanni Gourde             Jake DeBrusk             50     1   2  2  

4 vs 4 Defense
   Defense                  Defense                  Time % Phy DF OF 
 1 Adam Pelech              Jake Middleton           50     1   2  2  
 2 Carson Soucy             Derrick Pouliot          50     1   2  2  

Last Minutes Offensive
   Center                   Left Wing                Right Wing               Defense                  Defense                  
   Jack Eichel              Jake DeBrusk             Jordan Eberle            Adam Pelech              Jake Middleton           

Last Minutes Defensive
   Center                   Left Wing                Right Wing               Defense                  Defense                  
   Jack Eichel              Jake DeBrusk             Jordan Eberle            Adam Pelech              Jake Middleton           

Goaltenders
Starting : Mackenzie Blackwood      
Backup : Joey Daccord             

Extra Forwards
Normal : Jimmy Vesey, Derick Brassard, Jonatan Berggren - PP : Jimmy Vesey, Derick Brassard - PK : Jonatan Berggren
Extra Defensemen
Normal : Adam Pelech, Jake Middleton, Carson Soucy - PP : Adam Pelech - PK : Jake Middleton, Carson Soucy
Penalty Shots
Jack Eichel, Jordan Eberle, Jake DeBrusk, Yanni Gourde, Brandon Tanev
Custom OT Lines Forwards
Jack Eichel, Jordan Eberle, Jake DeBrusk, Yanni Gourde, Brandon Tanev, Kaapo Kakko, Jimmy Vesey, Derick Brassard, Jonatan Berggren, Wade Allison
Custom OT Lines Defensemen
Adam Pelech, Jake Middleton, Carson Soucy, Riley Stillman, Jeremy Lauzon

Scratches
Kyle Burroughs (Right Hand Injury), Dennis Cholowski (Healthy)

% Time on Ice - Nashville Predators

Lines # - Real PCT - Wanted PCT - Time Play
Normal Forward
1 - 26% - 30% - 12:01
2 - 26% - 30% - 12:03
3 - 16% - 25% - 7:29
4 - 32% - 15% - 14:38
Normal Defense
1 - 37% - 36% - 16:58
2 - 32% - 34% - 14:45
3 - 31% - 30% - 14:28
4 - 0% - 0% - 0:00
PP Forward
1 - 49% - 50% - 3:53
2 - 51% - 50% - 4:03
PP Defense
1 - 58% - 50% - 4:34
2 - 42% - 50% - 3:22
PK Forward
1 - 48% - 50% - 2:29
2 - 52% - 50% - 2:43
PK Defense
1 - 66% - 50% - 3:27
2 - 34% - 50% - 1:45
PK3 Forward
1 - 0% - 50%
2 - 0% - 50%
PK3 Defense
1 - 0% - 50%
2 - 0% - 50%
44 Forward
1 - 0% - 50%
2 - 0% - 50%
44 Defense
1 - 0% - 50%
2 - 0% - 50%
Last Minute Offensive  - 0:41
Last Minute Defensive  - 0:00
Total
Forward - 60:00
Defense - 60:00

% Time on Ice - Seattle Kraken

Lines # - Real PCT - Wanted PCT - Time Play
Normal Forward
1 - 34% - 33% - 15:31
2 - 26% - 27% - 12:14
3 - 24% - 25% - 11:06
4 - 16% - 15% - 7:20
Normal Defense
1 - 27% - 30% - 12:26
2 - 33% - 30% - 15:07
3 - 33% - 25% - 15:22
4 - 7% - 15% - 3:16
PP Forward
1 - 44% - 50% - 2:16
2 - 56% - 50% - 2:56
PP Defense
1 - 49% - 50% - 2:33
2 - 51% - 50% - 2:39
PK Forward
1 - 50% - 50% - 4:00
2 - 50% - 50% - 3:56
PK Defense
1 - 41% - 50% - 3:17
2 - 59% - 50% - 4:39
PK3 Forward
1 - 0% - 50%
2 - 0% - 50%
PK3 Defense
1 - 0% - 50%
2 - 0% - 50%
44 Forward
1 - 0% - 50%
2 - 0% - 50%
44 Defense
1 - 0% - 50%
2 - 0% - 50%
Last Minute Offensive  - 0:00
Last Minute Defensive  - 0:41
Total
Forward - 60:00
Defense - 60:00

Play-by-Play

1st period


0:01 of 1st period - Jake DeBrusk wins face-off versus Kevin Fiala in neutral zone.
0:08 of 1st period - Connor Murphy is hit by Jake DeBrusk and loses puck.
0:10 of 1st period - Minor Penalty to Jake DeBrusk for Goalie Interference.
0:11 of 1st period - Colin Blackwell wins face-off versus Filip Chytil in Seattle Kraken zone.
0:34 of 1st period - Colin Blackwell is hit by Filip Chytil and loses puck.
0:39 of 1st period - Shot by Filip Chytil.
0:39 of 1st period - Shot Blocked by Riley Stillman.
0:41 of 1st period - Shot by Seth Jarvis.
0:41 of 1st period - Stopped by Mackenzie Blackwood without a rebound.
0:42 of 1st period - Yanni Gourde wins face-off versus Kevin Fiala in Seattle Kraken zone.
0:57 of 1st period - Shot by Filip Forsberg.
0:57 of 1st period - Shot Misses the Net.
1:03 of 1st period - Shot by Roman Josi.
1:03 of 1st period - Deflect By Filip Forsberg.
1:03 of 1st period - Shot Blocked by Adam Pelech.
1:05 of 1st period - Shot by Connor Murphy.
1:05 of 1st period - Shot Misses the Net.
1:09 of 1st period - Shot by Filip Forsberg.
1:09 of 1st period - Deflect By Kevin Fiala.
1:09 of 1st period - Stopped by Mackenzie Blackwood without a rebound.
1:10 of 1st period - Colin Blackwell wins face-off versus Filip Chytil in Seattle Kraken zone.
1:25 of 1st period - Shot by Seth Jarvis.
1:25 of 1st period - Shot Misses the Net.
2:08 of 1st period - Shot by Roman Josi.
2:08 of 1st period - Shot Misses the Net.
2:26 of 1st period - Shot by Jordan Eberle.
2:26 of 1st period - Stopped by Kaapo Kahkonen without a rebound.
2:27 of 1st period - Yanni Gourde wins face-off versus Austin Watson in Nashville Predators zone.
2:27 of 1st period - Yanni Gourde is hit by Nathan Beaulieu.
2:48 of 1st period - Yanni Gourde is hit by Isaak Phillips and loses puck.
2:58 of 1st period - Off-side.
2:59 of 1st period - Kevin Fiala wins face-off versus Jack Eichel in neutral zone.
3:47 of 1st period - Jimmy Vesey is hit by Ethan Bear and loses puck.
4:04 of 1st period - Shot by Matt Duchene.
4:04 of 1st period - Shot Blocked by Adam Pelech.
4:21 of 1st period - Minor Penalty to Jeremy Lauzon for Interference.
4:22 of 1st period - Yanni Gourde wins face-off versus Kevin Fiala in Seattle Kraken zone.
4:30 of 1st period - Icing by Nathan Beaulieu.
4:31 of 1st period - Yanni Gourde wins face-off versus Kevin Fiala in Nashville Predators zone.
4:43 of 1st period - Shot by Roman Josi.
4:43 of 1st period - Shot Misses the Net.
4:45 of 1st period - Shot by Kevin Fiala.
4:45 of 1st period - Shot Misses the Net.
4:47 of 1st period - Shot by Nathan Beaulieu.
4:47 of 1st period - Stopped by Mackenzie Blackwood without a rebound.
4:48 of 1st period - Colin Blackwell wins face-off versus Filip Chytil in Seattle Kraken zone.
5:44 of 1st period - Shot by Filip Forsberg.
5:44 of 1st period - Deflect By Kevin Fiala.
5:44 of 1st period - Shot Misses the Net.
5:54 of 1st period - Shot by Dante Fabbro.
5:54 of 1st period - Shot Blocked by Derrick Pouliot.
5:56 of 1st period - Shot by Dante Fabbro.
5:56 of 1st period - Stopped by Mackenzie Blackwood without a rebound.
5:57 of 1st period - Ryan Johansen wins face-off versus Colin Blackwell in Seattle Kraken zone.
6:13 of 1st period - Shot by Filip Forsberg.
6:13 of 1st period - Shot Misses the Net.
6:15 of 1st period - Shot by Filip Forsberg.
6:15 of 1st period - Stopped by Mackenzie Blackwood with a rebound.
6:19 of 1st period - Shot by Dante Fabbro.
6:19 of 1st period - Stopped by Mackenzie Blackwood without a rebound.
6:20 of 1st period - Yanni Gourde wins face-off versus Kevin Fiala in Seattle Kraken zone.
6:29 of 1st period - Shot by Jack Eichel.
6:29 of 1st period - Stopped by Kaapo Kahkonen without a rebound.
6:30 of 1st period - Jack Eichel wins face-off versus Austin Watson in Nashville Predators zone.
6:31 of 1st period - Shot by Jake DeBrusk.
6:31 of 1st period - Shot Misses the Net.
6:42 of 1st period - Shot by Austin Watson.
6:42 of 1st period - Stopped by Mackenzie Blackwood without a rebound.
6:43 of 1st period - Yanni Gourde wins face-off versus Anthony Beauvillier in Seattle Kraken zone.
7:49 of 1st period - Shot by Craig Smith.
7:49 of 1st period - Goal by Craig Smith - Nashville Predators : 1 - Seattle Kraken : 0.
7:50 of 1st period - Colin Blackwell wins face-off versus Matt Duchene in neutral zone.
8:45 of 1st period - Shot by Jonatan Berggren.
8:45 of 1st period - Stopped by Kaapo Kahkonen without a rebound.
8:46 of 1st period - Yanni Gourde wins face-off versus Austin Watson in Nashville Predators zone.
8:46 of 1st period - Yanni Gourde is hit by Connor Murphy.
9:41 of 1st period - Off-side.
9:42 of 1st period - Matt Duchene wins face-off versus Jack Eichel in neutral zone.
9:45 of 1st period - Shot by Seth Jarvis.
9:45 of 1st period - Shot Blocked by Carson Soucy.
9:47 of 1st period - Shot by Nathan Beaulieu.
9:47 of 1st period - Shot Misses the Net.
10:03 of 1st period - Icing by Derrick Pouliot.
10:04 of 1st period - Jack Eichel wins face-off versus Austin Watson in Seattle Kraken zone.
10:11 of 1st period - Shot by Jake DeBrusk.
10:11 of 1st period - Stopped by Kaapo Kahkonen without a rebound.
10:12 of 1st period - Kevin Fiala wins face-off versus Derick Brassard in Nashville Predators zone.
10:12 of 1st period - Kevin Fiala is hit by Jimmy Vesey.
10:19 of 1st period - Minor Penalty to Derick Brassard for Holding.
10:20 of 1st period - Filip Chytil wins face-off versus Colin Blackwell in Seattle Kraken zone.
10:23 of 1st period - Shot by Ethan Bear.
10:23 of 1st period - Shot Misses the Net.
10:25 of 1st period - Shot by Filip Chytil.
10:25 of 1st period - Shot Misses the Net.
10:27 of 1st period - Shot by Seth Jarvis.
10:27 of 1st period - Stopped by Mackenzie Blackwood without a rebound.
10:28 of 1st period - Yanni Gourde wins face-off versus Filip Chytil in Seattle Kraken zone.
10:28 of 1st period - Carson Soucy is hit by Anthony Beauvillier and loses puck.
10:51 of 1st period - Adam Pelech is hit by Seth Jarvis and loses puck.
12:43 of 1st period - Off-side.
12:44 of 1st period - Kevin Fiala wins face-off versus Derick Brassard in neutral zone.
13:09 of 1st period - Icing by Kevin Fiala.
13:10 of 1st period - Filip Forsberg wins face-off versus Jack Eichel in Nashville Predators zone.
13:10 of 1st period - Filip Forsberg is hit by Jake DeBrusk.
13:24 of 1st period - Jordan Eberle is hit by Filip Forsberg and loses puck.
13:52 of 1st period - Off-side.
13:53 of 1st period - Yanni Gourde wins face-off versus Matt Duchene in neutral zone.
13:56 of 1st period - Shot by Brandon Tanev.
13:56 of 1st period - Stopped by Kaapo Kahkonen without a rebound.
13:57 of 1st period - Colin Blackwell wins face-off versus Filip Chytil in Nashville Predators zone.
14:20 of 1st period - Shot by Wade Allison.
14:20 of 1st period - Shot Misses the Net.
14:22 of 1st period - Shot by Derrick Pouliot.
14:22 of 1st period - Shot Blocked by Roman Josi.
15:02 of 1st period - Shot by Craig Smith.
15:02 of 1st period - Stopped by Mackenzie Blackwood without a rebound.
15:03 of 1st period - Derick Brassard wins face-off versus Austin Watson in Seattle Kraken zone.
15:03 of 1st period - Jimmy Vesey is hit by Austin Watson and loses puck.
15:12 of 1st period - Austin Watson is hit by Derick Brassard and loses puck.
15:19 of 1st period - Shot by Jimmy Vesey.
15:19 of 1st period - Stopped by Kaapo Kahkonen without a rebound.
15:20 of 1st period - Jack Eichel wins face-off versus Matt Duchene in Nashville Predators zone.
15:21 of 1st period - Shot by Jake DeBrusk.
15:21 of 1st period - Stopped by Kaapo Kahkonen without a rebound.
15:22 of 1st period - Austin Watson wins face-off versus Jack Eichel in Nashville Predators zone.
15:32 of 1st period - Matt Martin is hit by Jake Middleton and loses puck.
15:38 of 1st period - Jake DeBrusk is hit by Nathan Beaulieu.
15:39 of 1st period - Minor Penalty to Isaak Phillips for Hooking.
15:40 of 1st period - Kevin Fiala wins face-off versus Yanni Gourde in Nashville Predators zone.
16:00 of 1st period - Shot by Brandon Tanev.
16:00 of 1st period - Stopped by Kaapo Kahkonen without a rebound.
16:01 of 1st period - Kevin Fiala wins face-off versus Jack Eichel in Nashville Predators zone.
16:52 of 1st period - Shot by Jeremy Lauzon.
16:52 of 1st period - Goal by Jeremy Lauzon - Nashville Predators : 1 - Seattle Kraken : 1.
16:53 of 1st period - Derick Brassard wins face-off versus Austin Watson in neutral zone.
16:53 of 1st period - Derick Brassard is hit by Craig Smith.
16:56 of 1st period - Minor Penalty to Isaak Phillips for Hooking.
16:57 of 1st period - Yanni Gourde wins face-off versus Kevin Fiala in Nashville Predators zone.
16:58 of 1st period - Shot by Kaapo Kakko.
16:58 of 1st period - Shot Blocked by Roman Josi.
17:26 of 1st period - Icing by Brandon Tanev.
17:27 of 1st period - Kevin Fiala wins face-off versus Yanni Gourde in Seattle Kraken zone.
18:00 of 1st period - Shot by Adam Pelech.
18:00 of 1st period - Stopped by Kaapo Kahkonen with a rebound.
18:02 of 1st period - Shot by Adam Pelech.
18:02 of 1st period - Shot Blocked by Dante Fabbro.
18:04 of 1st period - Shot by Jake DeBrusk.
18:04 of 1st period - Shot Misses the Net.
18:06 of 1st period - Shot by Adam Pelech.
18:06 of 1st period - Goal by Adam Pelech - Nashville Predators : 1 - Seattle Kraken : 2.
18:07 of 1st period - Derick Brassard wins face-off versus Austin Watson in neutral zone.
18:10 of 1st period - Matt Martin is hit by Derick Brassard and loses puck.
18:15 of 1st period - Shot by Jimmy Vesey.
18:15 of 1st period - Shot Misses the Net.
18:17 of 1st period - Shot by Jimmy Vesey.
18:17 of 1st period - Stopped by Kaapo Kahkonen without a rebound.
18:18 of 1st period - Matt Duchene wins face-off versus Wade Allison in Nashville Predators zone.
18:20 of 1st period - Icing by Anthony Beauvillier.
18:21 of 1st period - Derick Brassard wins face-off versus Kevin Fiala in Nashville Predators zone.
18:30 of 1st period - Shot by Derick Brassard.
18:30 of 1st period - Shot Misses the Net.
18:36 of 1st period - Shot by Anthony Beauvillier.
18:36 of 1st period - Shot Misses the Net.
18:38 of 1st period - Shot by Nathan Beaulieu.
18:38 of 1st period - Shot Blocked by Jeremy Lauzon.
18:40 of 1st period - Shot by Matt Duchene.
18:40 of 1st period - Shot Blocked by Riley Stillman.
19:29 of 1st period - Jack Eichel is hit by Isaak Phillips and loses puck.
19:30 of 1st period - Minor Penalty to Isaak Phillips for Cross-checking.
19:31 of 1st period - Yanni Gourde wins face-off versus Filip Forsberg in Nashville Predators zone.
19:49 of 1st period - Shot by Adam Pelech.
19:49 of 1st period - Stopped by Kaapo Kahkonen without a rebound.
19:50 of 1st period - Jack Eichel wins face-off versus Filip Forsberg in Nashville Predators zone.
19:57 of 1st period - Shot by Jake DeBrusk.
19:57 of 1st period - Stopped by Kaapo Kahkonen without a rebound.
19:58 of 1st period - Yanni Gourde wins face-off versus Filip Forsberg in Nashville Predators zone.
Goals for this period are 1 for Nashville Predators vs 2 for Seattle Kraken.
Shots for this period are 10 for Nashville Predators vs 14 for Seattle Kraken.

2nd period


0:01 of 2nd period - Jack Eichel wins face-off versus Kevin Fiala in neutral zone.
0:20 of 2nd period - Shot by Adam Pelech.
0:20 of 2nd period - Goal by Adam Pelech - Nashville Predators : 1 - Seattle Kraken : 3.
0:21 of 2nd period - Kaapo Kakko wins face-off versus Austin Watson in neutral zone.
0:36 of 2nd period - Yanni Gourde is hit by Matt Martin and loses puck.
0:46 of 2nd period - Matt Martin is hit by Carson Soucy and loses puck.
0:50 of 2nd period - Austin Watson is hit by Carson Soucy and loses puck.
1:18 of 2nd period - Jake DeBrusk is hit by Matt Duchene.
1:25 of 2nd period - Icing by Matt Duchene.
1:26 of 2nd period - Matt Duchene wins face-off versus Derick Brassard in Nashville Predators zone.
1:53 of 2nd period - Shot by Jonatan Berggren.
1:53 of 2nd period - Stopped by Kaapo Kahkonen without a rebound.
1:54 of 2nd period - Kevin Fiala wins face-off versus Jack Eichel in Nashville Predators zone.
2:01 of 2nd period - Shot by Filip Forsberg.
2:01 of 2nd period - Shot Blocked by Adam Pelech.
2:39 of 2nd period - Shot by Matt Martin.
2:39 of 2nd period - Shot Misses the Net.
2:51 of 2nd period - Jordan Eberle is hit by Austin Watson.
3:23 of 2nd period - Brandon Tanev is hit by Kevin Fiala and loses puck.
3:53 of 2nd period - Off-side.
3:54 of 2nd period - Matt Duchene wins face-off versus Devin Shore in neutral zone.
4:03 of 2nd period - Shot by Matt Duchene.
4:03 of 2nd period - Stopped by Mackenzie Blackwood with a rebound.
4:52 of 2nd period - Shot by Jimmy Vesey.
4:52 of 2nd period - Shot Blocked by Connor Murphy.
4:54 of 2nd period - Shot by Jimmy Vesey.
4:54 of 2nd period - Stopped by Kaapo Kahkonen without a rebound.
4:55 of 2nd period - Austin Watson wins face-off versus Yanni Gourde in Nashville Predators zone.
4:55 of 2nd period - Austin Watson is hit by Brandon Tanev.
5:04 of 2nd period - Craig Smith is hit by Adam Pelech.
6:00 of 2nd period - Shot by Filip Forsberg.
6:00 of 2nd period - Shot Misses the Net.
6:02 of 2nd period - Shot by Nathan Beaulieu.
6:02 of 2nd period - Stopped by Mackenzie Blackwood without a rebound.
6:03 of 2nd period - Matt Duchene wins face-off versus Derick Brassard in Seattle Kraken zone.
6:05 of 2nd period - Seth Jarvis is hit by Jeremy Lauzon and loses puck.
6:16 of 2nd period - Shot by Derick Brassard.
6:16 of 2nd period - Stopped by Kaapo Kahkonen without a rebound.
6:17 of 2nd period - Kevin Fiala wins face-off versus Colin Blackwell in Nashville Predators zone.
7:15 of 2nd period - Shot by Matt Duchene.
7:15 of 2nd period - Stopped by Mackenzie Blackwood with a rebound.
7:47 of 2nd period - Shot by Austin Watson.
7:47 of 2nd period - Shot Blocked by Wade Allison.
7:49 of 2nd period - Shot by Dante Fabbro.
7:49 of 2nd period - Shot Blocked by Jake Middleton.
7:51 of 2nd period - Shot by Ethan Bear.
7:51 of 2nd period - Shot Blocked by Jake Middleton.
7:53 of 2nd period - Shot by Austin Watson.
7:53 of 2nd period - Stopped by Mackenzie Blackwood with a rebound.
7:55 of 2nd period - Shot by Dante Fabbro.
7:55 of 2nd period - Deflect By Austin Watson.
7:55 of 2nd period - Shot Misses the Net.
7:59 of 2nd period - Shot by Matt Martin.
7:59 of 2nd period - Shot Misses the Net.
8:01 of 2nd period - Shot by Austin Watson.
8:01 of 2nd period - Stopped by Mackenzie Blackwood without a rebound.
8:02 of 2nd period - Yanni Gourde wins face-off versus Filip Forsberg in Seattle Kraken zone.
8:02 of 2nd period - Yanni Gourde is hit by Anthony Beauvillier.
8:09 of 2nd period - Icing by Derrick Pouliot.
8:10 of 2nd period - Austin Watson wins face-off versus Yanni Gourde in Seattle Kraken zone.
8:17 of 2nd period - Shot by Austin Watson.
8:17 of 2nd period - Stopped by Mackenzie Blackwood with a rebound.
8:57 of 2nd period - Brandon Tanev is hit by Kevin Fiala and loses puck.
9:06 of 2nd period - Shot by Kevin Fiala.
9:06 of 2nd period - Shot Blocked by Brandon Tanev.
9:08 of 2nd period - Shot by Filip Forsberg.
9:08 of 2nd period - Stopped by Mackenzie Blackwood with a rebound.
10:26 of 2nd period - Jake DeBrusk is hit by Austin Watson and loses puck.
11:04 of 2nd period - Seth Jarvis is hit by Derick Brassard and loses puck.
12:06 of 2nd period - Shot by Jack Eichel.
12:06 of 2nd period - Shot Misses the Net.
13:01 of 2nd period - Shot by Jack Eichel.
13:01 of 2nd period - Stopped by Kaapo Kahkonen without a rebound.
13:02 of 2nd period - Kevin Fiala wins face-off versus Colin Blackwell in Nashville Predators zone.
13:24 of 2nd period - Shot by Jake DeBrusk.
13:24 of 2nd period - Stopped by Kaapo Kahkonen without a rebound.
13:25 of 2nd period - Yanni Gourde wins face-off versus Seth Jarvis in Nashville Predators zone.
13:28 of 2nd period - Shot by Yanni Gourde.
13:28 of 2nd period - Stopped by Kaapo Kahkonen with a rebound.
13:30 of 2nd period - Shot by Brandon Tanev.
13:30 of 2nd period - Shot Misses the Net.
13:32 of 2nd period - Shot by Brandon Tanev.
13:32 of 2nd period - Goal by Brandon Tanev - Nashville Predators : 1 - Seattle Kraken : 4.
13:33 of 2nd period - Austin Watson wins face-off versus Carson Soucy in neutral zone.
14:02 of 2nd period - Shot by Jimmy Vesey.
14:02 of 2nd period - Shot Misses the Net.
14:42 of 2nd period - Shot by Filip Forsberg.
14:42 of 2nd period - Deflect By Kevin Fiala.
14:42 of 2nd period - Stopped by Mackenzie Blackwood without a rebound.
14:43 of 2nd period - Matt Duchene wins face-off versus Jack Eichel in Seattle Kraken zone.
14:57 of 2nd period - Shot by Matt Duchene.
14:57 of 2nd period - Stopped by Mackenzie Blackwood without a rebound.
14:58 of 2nd period - Austin Watson wins face-off versus Yanni Gourde in Seattle Kraken zone.
15:05 of 2nd period - Shot by Matt Martin.
15:05 of 2nd period - Stopped by Mackenzie Blackwood without a rebound.
15:06 of 2nd period - Ryan Johansen wins face-off versus Jack Eichel in Seattle Kraken zone.
15:09 of 2nd period - Shot by Filip Forsberg.
15:09 of 2nd period - Shot Misses the Net.
15:16 of 2nd period - Icing by Jake DeBrusk.
15:17 of 2nd period - Jack Eichel wins face-off versus Matt Duchene in Seattle Kraken zone.
15:26 of 2nd period - Connor Murphy is hit by Jake DeBrusk and loses puck.
15:42 of 2nd period - Icing by Roman Josi.
15:43 of 2nd period - Matt Duchene wins face-off versus Brandon Tanev in Nashville Predators zone.
16:58 of 2nd period - Shot by Derick Brassard.
16:58 of 2nd period - Stopped by Kaapo Kahkonen without a rebound.
16:59 of 2nd period - Kevin Fiala wins face-off versus Jack Eichel in Nashville Predators zone.
17:04 of 2nd period - Off-side.
17:05 of 2nd period - Derick Brassard wins face-off versus Kevin Fiala in neutral zone.
17:16 of 2nd period - Shot by Filip Forsberg.
17:16 of 2nd period - Shot Misses the Net.
17:18 of 2nd period - Shot by Kevin Fiala.
17:18 of 2nd period - Deflect By Filip Forsberg.
17:18 of 2nd period - Shot Blocked by Jake Middleton.
17:53 of 2nd period - Shot by Matt Martin.
17:53 of 2nd period - Shot Misses the Net.
18:02 of 2nd period - Shot by Austin Watson.
18:02 of 2nd period - Shot Misses the Net.
18:04 of 2nd period - Shot by Matt Martin.
18:04 of 2nd period - Stopped by Mackenzie Blackwood without a rebound.
18:05 of 2nd period - Jack Eichel wins face-off versus Kevin Fiala in Seattle Kraken zone.
18:31 of 2nd period - Shot by Filip Forsberg.
18:31 of 2nd period - Stopped by Mackenzie Blackwood with a rebound.
18:33 of 2nd period - Shot by Nathan Beaulieu.
18:33 of 2nd period - Shot Misses the Net.
18:45 of 2nd period - Dante Fabbro is hit by Jeremy Lauzon and loses puck.
19:00 of 2nd period - Shot by Austin Watson.
19:00 of 2nd period - Shot Misses the Net.
19:02 of 2nd period - Shot by Matt Martin.
19:02 of 2nd period - Stopped by Mackenzie Blackwood with a rebound.
19:04 of 2nd period - Shot by Ethan Bear.
19:04 of 2nd period - Goal by Ethan Bear - Nashville Predators : 2 - Seattle Kraken : 4.
19:05 of 2nd period - Yanni Gourde wins face-off versus Seth Jarvis in neutral zone.
19:22 of 2nd period - Shot by Roman Josi.
19:22 of 2nd period - Shot Misses the Net.
19:44 of 2nd period - Craig Smith is hit by Brandon Tanev and loses puck.
19:56 of 2nd period - Shot by Matt Martin.
19:56 of 2nd period - Shot Misses the Net.
Goals for this period are 1 for Nashville Predators vs 2 for Seattle Kraken.
Shots for this period are 14 for Nashville Predators vs 9 for Seattle Kraken.

3rd period


0:01 of 3rd period - Kevin Fiala wins face-off versus Jack Eichel in neutral zone.
0:03 of 3rd period - Matt Duchene is hit by Jake Middleton and loses puck.
0:54 of 3rd period - Off-side.
0:55 of 3rd period - Austin Watson wins face-off versus Derick Brassard in neutral zone.
1:04 of 3rd period - Shot by Austin Watson.
1:04 of 3rd period - Stopped by Mackenzie Blackwood without a rebound.
1:05 of 3rd period - Yanni Gourde wins face-off versus Austin Watson in Seattle Kraken zone.
1:05 of 3rd period - Yanni Gourde is hit by Matt Martin.
1:13 of 3rd period - Shot by Craig Smith.
1:13 of 3rd period - Shot Hit the Post.
1:33 of 3rd period - Shot by Craig Smith.
1:33 of 3rd period - Stopped by Mackenzie Blackwood without a rebound.
1:34 of 3rd period - Seth Jarvis wins face-off versus Derick Brassard in Seattle Kraken zone.
1:57 of 3rd period - Shot by Roman Josi.
1:57 of 3rd period - Stopped by Mackenzie Blackwood without a rebound.
1:58 of 3rd period - Kevin Fiala wins face-off versus Colin Blackwell in Seattle Kraken zone.
2:10 of 3rd period - Off-side.
2:11 of 3rd period - Jack Eichel wins face-off versus Austin Watson in neutral zone.
2:18 of 3rd period - Shot by Jordan Eberle.
2:18 of 3rd period - Stopped by Kaapo Kahkonen without a rebound.
2:19 of 3rd period - Jimmy Vesey wins face-off versus Kevin Fiala in Nashville Predators zone.
2:20 of 3rd period - Shot by Jonatan Berggren.
2:20 of 3rd period - Stopped by Kaapo Kahkonen without a rebound.
2:21 of 3rd period - Jack Eichel wins face-off versus Kevin Fiala in Nashville Predators zone.
3:14 of 3rd period - Minor Penalty to Connor Murphy for Unsportsmanlike conduct.
3:15 of 3rd period - Filip Forsberg wins face-off versus Yanni Gourde in Nashville Predators zone.
3:53 of 3rd period - Off-side.
3:54 of 3rd period - Jack Eichel wins face-off versus Kevin Fiala in neutral zone.
3:56 of 3rd period - Off-side.
3:57 of 3rd period - Kevin Fiala wins face-off versus Jack Eichel in neutral zone.
5:32 of 3rd period - Shot by Austin Watson.
5:32 of 3rd period - Shot Misses the Net.
5:38 of 3rd period - Shot by Craig Smith.
5:38 of 3rd period - Stopped by Mackenzie Blackwood without a rebound.
5:39 of 3rd period - Kevin Fiala wins face-off versus Wade Allison in Seattle Kraken zone.
5:42 of 3rd period - Shot by Ryan Johansen.
5:42 of 3rd period - Goal by Ryan Johansen - Nashville Predators : 3 - Seattle Kraken : 4.
5:43 of 3rd period - Colin Blackwell wins face-off versus Kevin Fiala in neutral zone.
5:46 of 3rd period - Shot by Wade Allison.
5:46 of 3rd period - Shot Blocked by Nathan Beaulieu.
6:02 of 3rd period - Shot by Devin Shore.
6:02 of 3rd period - Stopped by Kaapo Kahkonen with a rebound.
6:04 of 3rd period - Shot by Wade Allison.
6:04 of 3rd period - Shot Blocked by Nathan Beaulieu.
6:38 of 3rd period - Shot by Filip Chytil.
6:38 of 3rd period - Shot Misses the Net.
6:40 of 3rd period - Shot by Connor Murphy.
6:40 of 3rd period - Shot Misses the Net.
6:48 of 3rd period - Shot by Seth Jarvis.
6:48 of 3rd period - Shot Blocked by Riley Stillman.
7:36 of 3rd period - Connor Murphy is hit by Jimmy Vesey and loses puck.
7:59 of 3rd period - Icing by Kevin Fiala.
8:00 of 3rd period - Yanni Gourde wins face-off versus Kevin Fiala in Nashville Predators zone.
8:03 of 3rd period - Shot by Brandon Tanev.
8:03 of 3rd period - Stopped by Kaapo Kahkonen without a rebound.
8:04 of 3rd period - Yanni Gourde wins face-off versus Filip Chytil in Nashville Predators zone.
8:22 of 3rd period - Icing by Isaak Phillips.
8:23 of 3rd period - Colin Blackwell wins face-off versus Filip Chytil in Nashville Predators zone.
8:34 of 3rd period - Shot by Colin Blackwell.
8:34 of 3rd period - Stopped by Kaapo Kahkonen without a rebound.
8:35 of 3rd period - Jack Eichel wins face-off versus Austin Watson in Nashville Predators zone.
8:35 of 3rd period - Riley Stillman is hit by Ethan Bear and loses puck.
8:50 of 3rd period - Icing by Jack Eichel.
8:51 of 3rd period - Jordan Eberle wins face-off versus Kevin Fiala in Seattle Kraken zone.
8:53 of 3rd period - Icing by Jack Eichel.
8:54 of 3rd period - Kevin Fiala wins face-off versus Jack Eichel in Seattle Kraken zone.
9:42 of 3rd period - Shot by Seth Jarvis.
9:42 of 3rd period - Shot Misses the Net.
10:25 of 3rd period - Icing by Jake Middleton.
10:26 of 3rd period - Austin Watson wins face-off versus Yanni Gourde in Seattle Kraken zone.
10:31 of 3rd period - Shot by Craig Smith.
10:31 of 3rd period - Deflect By Austin Watson.
10:31 of 3rd period - Stopped by Mackenzie Blackwood without a rebound.
10:32 of 3rd period - Austin Watson wins face-off versus Jimmy Vesey in Seattle Kraken zone.
10:43 of 3rd period - Shot by Jonatan Berggren.
10:43 of 3rd period - Stopped by Kaapo Kahkonen without a rebound.
10:44 of 3rd period - Kevin Fiala wins face-off versus Wade Allison in Nashville Predators zone.
10:57 of 3rd period - Devin Shore is hit by Connor Murphy and loses puck.
11:01 of 3rd period - Wade Allison is hit by Roman Josi and loses puck.
11:06 of 3rd period - Shot by Devin Shore.
11:06 of 3rd period - Shot Misses the Net.
11:08 of 3rd period - Shot by Devin Shore.
11:08 of 3rd period - Stopped by Kaapo Kahkonen without a rebound.
11:09 of 3rd period - Austin Watson wins face-off versus Derick Brassard in Nashville Predators zone.
11:18 of 3rd period - Shot by Austin Watson.
11:18 of 3rd period - Stopped by Mackenzie Blackwood without a rebound.
11:19 of 3rd period - Matt Duchene wins face-off versus Yanni Gourde in Seattle Kraken zone.
11:22 of 3rd period - Shot by Filip Chytil.
11:22 of 3rd period - Shot Misses the Net.
11:28 of 3rd period - Shot by Brandon Tanev.
11:28 of 3rd period - Stopped by Kaapo Kahkonen without a rebound.
11:29 of 3rd period - Derick Brassard wins face-off versus Kevin Fiala in Nashville Predators zone.
11:29 of 3rd period - Derick Brassard is hit by Nathan Beaulieu.
11:35 of 3rd period - Shot by Jonatan Berggren.
11:35 of 3rd period - Stopped by Kaapo Kahkonen without a rebound.
11:36 of 3rd period - Kevin Fiala wins face-off versus Yanni Gourde in Nashville Predators zone.
11:38 of 3rd period - Icing by Ryan Johansen.
11:39 of 3rd period - Yanni Gourde wins face-off versus Kevin Fiala in Nashville Predators zone.
11:40 of 3rd period - Shot by Brandon Tanev.
11:40 of 3rd period - Deflect By Yanni Gourde.
11:40 of 3rd period - Shot Misses the Net.
11:58 of 3rd period - Shot by Kaapo Kakko.
11:58 of 3rd period - Stopped by Kaapo Kahkonen without a rebound.
11:59 of 3rd period - Matt Duchene wins face-off versus Derick Brassard in Nashville Predators zone.
12:20 of 3rd period - Jimmy Vesey is hit by Filip Chytil and loses puck.
13:12 of 3rd period - Shot by Jake DeBrusk.
13:12 of 3rd period - Deflect By Jack Eichel.
13:12 of 3rd period - Shot Blocked by Nathan Beaulieu.
13:16 of 3rd period - Shot by Jack Eichel.
13:16 of 3rd period - Stopped by Kaapo Kahkonen without a rebound.
13:17 of 3rd period - Craig Smith wins face-off versus Yanni Gourde in Nashville Predators zone.
14:04 of 3rd period - Yanni Gourde is hit by Matt Duchene and loses puck.
15:11 of 3rd period - Shot by Filip Forsberg.
15:11 of 3rd period - Shot Misses the Net.
15:35 of 3rd period - Shot by Jonatan Berggren.
15:35 of 3rd period - Deflect By Derick Brassard.
15:35 of 3rd period - Shot Blocked by Isaak Phillips.
15:37 of 3rd period - Shot by Derick Brassard.
15:37 of 3rd period - Stopped by Kaapo Kahkonen without a rebound.
15:38 of 3rd period - Austin Watson wins face-off versus Devin Shore in Nashville Predators zone.
15:47 of 3rd period - Shot by Colin Blackwell.
15:47 of 3rd period - Shot Misses the Net.
15:49 of 3rd period - Shot by Colin Blackwell.
15:49 of 3rd period - Deflect By Wade Allison.
15:49 of 3rd period - Stopped by Kaapo Kahkonen without a rebound.
15:50 of 3rd period - Jonatan Berggren wins face-off versus Austin Watson in Nashville Predators zone.
15:57 of 3rd period - Shot by Jimmy Vesey.
15:57 of 3rd period - Shot Misses the Net.
15:59 of 3rd period - Shot by Jimmy Vesey.
15:59 of 3rd period - Shot Misses the Net.
16:36 of 3rd period - Icing by Matt Martin.
16:37 of 3rd period - Jack Eichel wins face-off versus Austin Watson in Nashville Predators zone.
16:37 of 3rd period - Jack Eichel is hit by Dante Fabbro.
16:57 of 3rd period - Shot by Jordan Eberle.
16:57 of 3rd period - Shot Blocked by Ethan Bear.
16:59 of 3rd period - Shot by Jack Eichel.
16:59 of 3rd period - Stopped by Kaapo Kahkonen without a rebound.
17:00 of 3rd period - Devin Shore wins face-off versus Kevin Fiala in Nashville Predators zone.
17:04 of 3rd period - Icing by Roman Josi.
17:05 of 3rd period - Kevin Fiala wins face-off versus Colin Blackwell in Nashville Predators zone.
17:05 of 3rd period - Kevin Fiala is hit by Wade Allison.
17:08 of 3rd period - Icing by Matt Duchene.
17:09 of 3rd period - Kaapo Kakko wins face-off versus Kevin Fiala in Nashville Predators zone.
17:19 of 3rd period - Minor Penalty to Carson Soucy for Hooking.
17:20 of 3rd period - Filip Chytil wins face-off versus Colin Blackwell in Seattle Kraken zone.
17:21 of 3rd period - Shot by Roman Josi.
17:21 of 3rd period - Shot Blocked by Colin Blackwell.
17:23 of 3rd period - Shot by Roman Josi.
17:23 of 3rd period - Deflect By Filip Chytil.
17:23 of 3rd period - Shot Misses the Net.
17:25 of 3rd period - Shot by Connor Murphy.
17:25 of 3rd period - Deflect By Filip Chytil.
17:25 of 3rd period - Shot Misses the Net.
17:27 of 3rd period - Shot by Connor Murphy.
17:27 of 3rd period - Stopped by Mackenzie Blackwood without a rebound.
17:28 of 3rd period - Yanni Gourde wins face-off versus Kevin Fiala in Seattle Kraken zone.
19:00 of 3rd period - Nashville Predators, Kaapo Kahkonen is pulled from the net.
19:08 of 3rd period - Shot by Kevin Fiala.
19:08 of 3rd period - Stopped by Mackenzie Blackwood without a rebound.
19:09 of 3rd period - Yanni Gourde wins face-off versus Anthony Beauvillier in Seattle Kraken zone.
19:30 of 3rd period - Shot by Kevin Fiala.
19:30 of 3rd period - Stopped by Mackenzie Blackwood without a rebound.
19:31 of 3rd period - Jack Eichel wins face-off versus Matt Martin in Seattle Kraken zone.
19:47 of 3rd period - Jake DeBrusk is hit by Nathan Beaulieu and loses puck.
Goals for this period are 1 for Nashville Predators vs 0 for Seattle Kraken.
Shots for this period are 10 for Nashville Predators vs 14 for Seattle Kraken.